 Dungeon Crawl Stone Soup version 0.24.0-28-g17ded55e90 (webtiles) character file.

Game seed: 2376448036416596991, levelgen mode: deterministic

280 PentaManta the Sneak (level 6, 0/30 HPs)
             Began as a Spriggan Assassin on Nov 13, 2019.
             Killed by divine providence
             ... invoked by an orc priest
              (17 damage)
             ... on level 3 of the Dungeon.
             The game lasted 00:05:59 (3040 turns).

PentaManta the Sneak (Spriggan Assassin)            Turns: 3040, Time: 00:06:00

Health: 0/30       AC:  3    Str:  7    XL:     6   Next: 5%
Magic:  7/7        EV: 22    Int: 12    God:
Gold:   107        SH:  0    Dex: 20    Spells: 5/5 levels left

rFire    . . .     SeeInvis +   o - +2 short sword (vamp)
rCold    . . .     Gourm    .   (shield restricted)
rNeg     . . .     Faith    .   b - +0 robe
rPois    .         Spirit   .   (helmet restricted)
rElec    .         Reflect  .   c - +0 cloak
rCorr    .         Harm     .   (gloves unavailable)
MR       +....                  (boots unavailable)
Stlth    ++++......             (no amulet)
HPRegen  0.10/turn              l - ring of flight
MPRegen  0.10/turn              (no ring)

@: very quick
A: very small, unfitting armour, see invisible, herbivore, speed 3, slow
metabolism 2
a: Evoke Flight


You were on level 3 of the Dungeon.
You were not hungry.

You visited 1 branch of the dungeon, and saw 4 of its levels.

You collected 107 gold pieces.

Inventory:

Hand Weapons
 o - a +2 vampiric short sword (weapon)
Missiles
 d - 37 poisoned darts (quivered)
 e - 2 curare-tipped darts
Armour
 b - a +0 robe (worn)
 c - a +0 cloak (worn)
Jewellery
 l - a ring of flight (left hand)
Scrolls
 h - 2 scrolls of teleportation
Potions
 a - 2 potions of berserk rage {unknown}
 g - 2 potions of curing {unknown}
 i - a potion of magic {unknown}
 j - a potion of might
 n - a potion of flight {unknown}
 p - a potion of mutation {unknown}
Comestibles
 f - 4 rations


   Skills:
 - Level 1.5 Fighting
 + Level 3.8 Short Blades
 - Level 2.0 Throwing
 * Level 6.3 Dodging
 + Level 7.5 Stealth


You had 5 spell levels left.
You didn't know any spells.
Your spell library was empty.

Dungeon Overview and Level Annotations

Branches:
Dungeon (4/15)
 Temple: D:4-7

Altars:


Innate Abilities, Weirdness & Mutations

You are very small and have problems with some larger weapons.
You are too small for most types of armour.
You have supernaturally acute eyesight. (SInv)
You are a herbivore.
You cover ground extremely quickly.
You need to consume almost no food.


Message History

You kill the orc!
The orc priest casts a cantrip, but nothing happens.
The orc priest invokes the aid of Beogh against you.
Pain shoots through your body!
You climb upwards.
There is a stone staircase leading down, spattered with blood here.
You hit the orc priest.
The orc priest is moderately wounded.
The orc priest closely misses you.
You hit the orc priest.
You feel better.
The orc priest is moderately wounded.
You hit the orc priest but do no damage.
The orc priest is moderately wounded.
The orc priest barely misses you.
You hit the orc priest but do no damage.
The orc priest is moderately wounded.
The orc priest invokes the aid of Beogh against you.
Beogh smites you!
Ouch! That really hurt!
You die...

#.####......#.#.########..†.
#....'......#.#.# #....
########......#.#.# #....
#......#......#.#.# #....
##.###.#(.....#.#.############
#.# #.########.#.......†.....
#.# #.# #)#..########### #.#
#.########.#..#....# #### #.#
#.......@o.#..#.##)# #...
#.##########........##.# #.##
#..........+........##.###.##
#..####..###........#....#.##
#..####..<..........#....#.##
#.....#.###..............#.##
##.###.#..##........#.....#.#
#..........#........#.......#
######.##..#.#...........####


You could see an orc priest.

Vanquished Creatures
  An orc priest (D:3)
  Natasha (thrice) (D:3)
  A worker ant (D:2)
  7 adders (D:3)
  An ooze (D:3)
  2 worms
  2 dart slugs (D:1)
  A leopard gecko (D:4)
  7 orcs
  4 giant cockroaches
  13 goblins
  5 hobgoblins
  3 quokkas
  5 bats
  7 frilled lizards
  10 kobolds
  8 rats
80 creatures vanquished.

Notes
Turn   | Place    | Note
-------+----------+-------------------------------------------
     0 | D:1      | PentaManta the Spriggan Assassin began the quest for the
                  | Orb.
     0 | D:1      | Reached XP level 1. HP: 10/10 MP: 2/2
    77 | D:1      | Reached skill level 6 in Stealth
   131 | D:1      | Reached XP level 2. HP: 3/14 MP: 3/3
   658 | D:1      | Reached XP level 3. HP: 17/18 MP: 4/4
  1518 | D:2      | Reached XP level 4. HP: 22/22 MP: 5/5
  1769 | D:3      | Noticed Natasha
  1774 | D:3      | Killed Natasha
  1843 | D:3      | Noticed Natasha
  1845 | D:3      | Reached skill level 5 in Dodging
  1865 | D:3      | Killed Natasha
  1865 | D:3      | Reached skill level 7 in Stealth
  1865 | D:3      | Reached XP level 5. HP: 2/25 MP: 6/6
  2409 | D:3      | Noticed Natasha
  2428 | D:3      | Killed Natasha
  2653 | D:3      | Reached XP level 6. HP: 28/30 MP: 7/7
  3040 | D:3      | Killed from afar by an orc priest

Levels and vault maps discovered:
D:1:      roderic_crossed_star, layout_rooms
D:2:      layout_basic
D:3:      layout_basic, uniq_natasha
D:4:      layout_cave_pods, chequers_temple_overflow_statue_of_worship,
          minmay_misc_feat_plants, uniq_sigmund

Skill      XL: |  1  2  3  4  5 |
---------------+----------------+-----
Dodging        | 2 3 4 5 6 |  6.3
Stealth        | 6 7 |  7.5
Short Blades   | 3 |  3.8
Fighting       | |  1.5
Throwing       | |  2.0

Action                   |  1- 3 |  4- 6 || total
-------------------------+-------+-------++-------
Melee: Dagger            |   109 |    25 ||   134
       Short sword       |       |   136 ||   136
Throw: Dart              |    10 |       ||    10
  Use: Potion            |       |     1 ||     1
       Scroll            |       |     4 ||     4
 Stab: Sleeping          |     9 |    12 ||    21
       Distracted        |       |     2 ||     2
Armor: Robe              |    11 |     9 ||    20
Dodge: Dodged            |    80 |   106 ||   186
